 Dungeon Crawl Stone Soup version 0.28-a0-1555-g9ae15a6949 (webtiles) character file.

Game seed: 5236743316337190105

4 HallandMoats the Skirmisher (level 1, 0/19 HPs)
             Began as a Ghoul Monk on Jan 19, 2022.
             Was a Priest of Lugonu.
             Slain by a quokka (1 damage)
             ... on level 1 of the Dungeon.
             The game lasted 00:00:56 (180 turns).

HallandMoats the Skirmisher (Ghoul Monk)             Turns: 180, Time: 00:00:57

Health: 0/19       AC:  0    Str: 14    XL:     1   Next: 70%
Magic:  0/0        EV: 12    Int:  5    God:    Lugonu [***...]
Gold:   29         SH:  0    Dex: 11    Spells: 0/0 levels left

rFire   . . .      SeeInvis .   a - +0 falchion
rCold   + . .      Faith    .   (no shield)
rNeg    + + +      Spirit   .   (no armour)
rPois   ∞          Reflect  .   (no helmet)
rElec   .          Harm     .   (no cloak)
rCorr   .          Rampage  .   (no gloves)
Will    .....                   (no boots)
Stlth   ++........              (no amulet)
HPRegen 0.00/turn               (no ring)
MPRegen 0.07/turn               (no ring)

@: inhibited regen
A: claws 1, cold resistance 1, negative energy resistance 3, inhibited
regeneration, torment resistance 2
a: Renounce Religion, Depart the Abyss, Bend Space, Banish


You were on level 1 of the Dungeon.
You worshipped Lugonu.
Lugonu was most pleased with you.
You visited 1 branch of the dungeon, and saw 1 of its levels.

You collected 29 gold pieces.

Inventory:

Hand Weapons
 a - a +0 falchion (weapon)
Armour
 b - a +0 robe
 c - a +0 buckler
Jewellery
 d - a ring of resist corrosion


   Skills:
 * Level 3.4 Fighting
 + Level 2.7 Long Blades
 + Level 0.1 Armour
 + Level 2.7 Dodging
 + Level 2.2 Stealth
 + Level 0.0 Shields


You couldn't memorise any spells.
You didn't know any spells.
Your spell library contained the following spells:

 Spells                   Type           Power      Damage    Failure   Level
 Blink                    Tloc           0%         N/A       63%         2
 Lesser Beckoning         Tloc           0%         N/A       85%         3
 Manifold Assault         Tloc           0%         N/A       100%        5


Dungeon Overview and Level Annotations

Branches:
Dungeon (1/15)

Altars:
Lugonu


Innate Abilities, Weirdness & Mutations

You thrive by killing the living.
You are immune to poison.
You have sharp fingernails.
Your flesh is cold resistant. (rC+)
You are immune to negative energy. (rN+++)
You do not regenerate when monsters are visible.
You are immune to unholy pain and torment.


Message History

You continue taking off your +0 buckler.
The quokka bites you.
Keep disrobing?
You continue taking off your +0 buckler.
The quokka barely misses you.
You continue taking off your +0 buckler.
The quokka closely misses you.
You finish taking off your +0 buckler.
Unknown command.
Okay, then.
The quokka completely misses you.
You start removing your armour.
You continue taking off your +0 robe.
The quokka bites you.
Keep disrobing?
The quokka twitches its whiskers.
The quokka bites you.
You continue taking off your +0 robe.
The quokka bites you.
You continue taking off your +0 robe.
The quokka misses you.
You continue taking off your +0 robe.
The quokka bites you but does no damage.
You finish taking off your +0 robe.
Unknown command.
The quokka misses you. The quokka closely misses you. The quokka bites you.
The quokka misses you. The quokka bites you. The quokka bites you.
The quokka misses you. The quokka misses you. The quokka barely misses you.
The quokka bites you.
* * * LOW HITPOINT WARNING * * *
The quokka closely misses you. The quokka barely misses you.
The quokka closely misses you. The quokka barely misses you. x2
The quokka barely misses you. The quokka bites you.
You die...

###......
.............####......
.................#......
#.#...........##........
#.......................
#.............####......
#............# ##....>
##......r.....# #......
#..#....@.....# #......
##.>#####.#.###### #...... ##..
.................###......
#....##.#####.###...#..#.......
#....##.##.[..# #...##.†.#(....
#....#.....#### #...##...##....
##....#..####
####..........####
#....##.#######........#....#
#...............##...######...


You could see a quokka.

Vanquished Creatures
  A kobold (D:1)
  A ball python (D:1)
  A bat (D:1)
  2 frilled lizards (D:1)
  A rat (D:1)
6 creatures vanquished.

Notes
Turn   | Place    | Note
-------+----------+-------------------------------------------
     0 | D:1      | HallandMoats the Ghoul Monk began the quest for the Orb.
     0 | D:1      | Reached XP level 1. HP: 19/19 MP: 0/0
   117 | D:1      | Found a faded altar of an unknown god.
   128 | D:1      | Prayed at the altar of an unknown god.
   128 | D:1      | Became a worshipper of Lugonu the Unformed
   128 | D:1      | Reached * piety under Lugonu
   128 | D:1      | Reached ** piety under Lugonu
   128 | D:1      | Reached *** piety under Lugonu
   180 | D:1      | Slain by a quokka

Illustrated notes

Levels and vault maps discovered:
D:1:      evilmike_arrival_plus, layout_rooms,
          shapermc_ecumenical_altar_starsandcircs

Action                   || total
-------------------------++-------
Melee: Falchion          ||     9
Armor: Robe              ||     2
Dodge: Dodged            ||    24
Block: Buckler           ||     2

Table legend: (Time is in decaauts)
 A = Elapsed time spent in this place.
 B = Non-inter-level travel time spent in this place.
 C = Inter-level travel time spent in this place.
 D = Time resting spent in this place.
 E = Time spent auto-exploring this place.
 F = Levels seen in this place.
 G = Mean time per level.
                   A        B        C        D        E       F      G
               +--------+--------+--------+--------+--------+-----+--------+
         Total |    182 |    182 |      0 |      0 |     86 |   1 |  182.0 |
       Dungeon |    182 |    182 |      0 |      0 |     86 |   1 |  182.0 |
               +--------+--------+--------+--------+--------+-----+--------+

Top non-repeatable levels by time:
     D:1: 182 daAuts
